 Dungeon Crawl Stone Soup version 0.17-a0-913-g36eb389 (webtiles) character file.

6431 RobertPalmer the Carver (level 10, -5/84 HPs)
             Began as a Naga Chaos Knight on May 3, 2015.
             Slain by a spiny frog (23 damage)
             ... on level 2 of the Lair of Beasts.
             The game lasted 00:26:39 (8209 turns).

RobertPalmer the Carver (Naga Chaos Knight)         Turns: 8209, Time: 00:26:39

Health: -5/84      AC: 26    Str: 20    XL:     10   Next: 99%
Magic:  20/20      EV:  4    Int: 13    God:    Xom [.....*]
Gold:   183        SH: 11    Dex: 12    Spells: 0 memorised, 9 levels left

rFire  . . .     SeeInvis +     a - +0 falchion (chaos)
rCold  . . .     Clarity  .     u - +7 chain mail "Oklejy" {rCorr}
rNeg   . . .     SustAb   .     m - +0 shield
rPois  +         Gourm    .     f - +1 helmet
rElec  .         Spirit   .     g - +1 cloak
rCorr  +         Warding  .     (no gloves)
rMut   .         Stasis   .     w - +0 naga barding {Stlth+}
MR     +....                    (no amulet)
Stlth  ..........               N - ring of magical power {MP+9}
                                x - +4 ring of strength

@: very slow, somewhat resistant to hostile enchantments, extremely unstealthy
A: see invisible, clumsy 1, deformed body, low mp 1, poison resistance,
screaming 1, slowness 2, slow metabolism 1, spit poison 3, strong 1, AC +3
a: Breathe Poison Gas, Renounce Religion


You were on level 2 of the Lair of Beasts.
You worshipped Xom.
You were Xom's teddy bear.
You were not hungry.

You visited 2 branches of the dungeon, and saw 10 of its levels.
You also visited: Sewer.

You collected 522 gold pieces.
You spent 339 gold pieces at shops.

Inventory:

Hand weapons
 a - a +0 falchion of chaos (weapon)
 p - a +2 antimagic short sword
   (You took it off a kobold on level 5 of the Dungeon)
Missiles
 h - 56 poisoned needles
 s - 8 curare-tipped needles
 y - a throwing net {=f, !d}
Armour
 f - a +1 helmet (worn)
   (You found it on level 2 of the Dungeon)
 g - a +1 cloak (worn)
   (You bought it in a shop on level 6 of the Dungeon)
 m - a +0 shield (worn)
   (You bought it in a shop on level 6 of the Dungeon)
 u - the +7 chain mail "Oklejy" (worn) {rCorr}
   (You found it on level 4 of the Dungeon)

   It protects you from acid and corrosion.
 w - a +0 naga barding of stealth (worn)
   (You acquired it on level 8 of the Dungeon)
Rods
 b - a +1 rod of clouds (14/14) {!a}
   (Xom gifted it to you on level 5 of the Dungeon)
Jewellery
 x - a +4 ring of strength (left hand)
   (You found it on level 4 of the Dungeon)
 N - a ring of magical power (right hand) {MP+9}
   (You found it on level 2 of the Lair of Beasts)
Magical devices
 D - a wand of polymorph (7)
   (You found it on level 8 of the Dungeon)
 E - a wand of fire (10)
   (You found it on level 8 of the Dungeon)
 G - a wand of confusion (10)
   (You found it on level 8 of the Dungeon)
 I - a wand of teleportation (4)
   (You found it on level 1 of the Lair of Beasts)
 J - a wand of fire (8)
   (You found it on level 2 of the Lair of Beasts)
Scrolls
 d - 4 scrolls of identify
 j - 5 scrolls of remove curse
 q - 2 scrolls of enchant armour
 r - 2 scrolls of amnesia
 t - 2 scrolls of teleportation
 v - 2 scrolls of magic mapping {!r}
 B - 3 scrolls of enchant weapon
Potions
 e - 2 potions of mutation {!q}
 i - 2 potions of cure mutation {!q}
 o - a potion of heal wounds {unknown}
 A - a potion of curing
 K - a potion of brilliance {unknown}
 L - 2 potions of cancellation {unknown}
Books
 l - Xom's Incunabulum of Baldness
   (Xom gifted it to you on level 3 of the Dungeon)

   Spells                             Type                      Level
   a - Apportation                    Translocation                1
   b - Shroud of Golubria             Charms/Translocation         2
   c - Gell's Gravitas                Hexes/Translocation          3
   d - Summon Forest                  Summoning/Translocation      5
 C - a book of Party Tricks
   (You found it on level 7 of the Dungeon)
Miscellaneous
 O - a disc of storms
   (You found it on level 2 of the Lair of Beasts)
Comestibles
 c - 4 bread rations {@e1}
 k - 29 fruits
 n - 4 meat rations {@e2}
 z - a beef jerky
 F - a royal jelly
 H - a slice of pizza
 M - 3 chunks of flesh {@w0}


   Skills:
 - Level 3.0 Fighting
 - Level 9.6 Long Blades
 - Level 6.3 Armour
 - Level 0.7 Dodging
 - Level 8.7 Shields
 + Level 4.3 Evocations


You had 9 spell levels left.
You didn't know any spells.

Dungeon Overview and Level Annotations

Branches:
Dungeon (8/15)             Temple (0/1) D:5            Lair (2/8) D:8

Altars:
Dithmenos
Qazlal
Trog
Vehumet
Xom
The Shining One

Shops:
D:6 :?[(   D:7 [   D:8 *


Innate Abilities, Weirdness & Mutations

You cannot wear boots.
Your serpentine skin is tough (AC +3).
You have supernaturally acute eyesight.
Armour fits poorly on your strangely shaped body.
Your system is resistant to poisons.
You cover ground very slowly.
You have a slow metabolism.
You can exhale a cloud of poison.
You are clumsy. (Dex -2)
Your magical capacity is low (-10% MP).
You occasionally shout uncontrollably at your foes.
Your muscles are strong. (Str +2)


Message History

You continue eating. x2
O - a disc of storms Health restored: 84 You shout at the yak!
A yak comes into view.
A yak is nearby!
A yak is nearby!
A yak is nearby!
You exhale a blast of poison gas.
The poison gas hits the yak.
The yak is poisoned.
You feel somewhat more hungry.
The yak is engulfed in poison gas.
The yak looks even sicker.
You barely miss the yak. You hit the yak.
The yak is devoured by a tear in reality.
No target in view!
No target in view!
A spiny frog comes into view.
The spiny frog croaks.
You block the spiny frog's attack.
The spiny frog stings you but does no damage.
You block the spiny frog's attack.
You see here a scroll of teleportation.
You hit the spiny frog but do no damage.
The spiny frog stings you but does no damage.
You closely miss the spiny frog. You block the spiny frog's attack.
You hit the spiny frog but do no damage.
The spiny frog stings you!
You emit a cloud of colourful smoke!
You take 8 damage, and have 76/84 hp.
You hit the spiny frog but do no damage.
The spiny frog goes berserk!
Xom is highly amused!
The spiny frog stings you!
You take 16 damage, and have 60/84 hp.
Unknown command.
You slash the spiny frog!
Xom's power touches on a nearby monster.
The spiny frog suddenly stops moving!
Unknown command.
Unknown command.
The helpless spiny frog fails to defend itself.
You hit the spiny frog.
The helpless spiny frog fails to defend itself.
You slash the spiny frog! You burn the spiny frog.
The helpless spiny frog fails to defend itself.
You hit the spiny frog but do no damage.
You drain the spiny frog!
You have got your breath back.
The helpless spiny frog fails to defend itself.
You hit the spiny frog. You freeze the spiny frog.
The helpless spiny frog fails to defend itself.
You hit the spiny frog but do no damage.
The helpless spiny frog fails to defend itself.
You slash the spiny frog!
The spiny frog is no longer paralysed.
You block the spiny frog's attack. x2
You hit the spiny frog. You burn the spiny frog. The spiny frog stings you.
You take 5 damage, and have 56/84 hp.
You completely miss the spiny frog.
The spiny frog stings you but does no damage.
The spiny frog barely misses you.
You hit the spiny frog. You freeze the spiny frog.
The spiny frog stings you but does no damage.
You hit the spiny frog but do no damage.
The spiny frog stings you!
The spiny frog stings you but does no damage.
You take 15 damage, and have 41/84 hp.
Your chain mail "Oklejy" prevents you from hitting the spiny frog.
The spiny frog stings you but does no damage.
You hit the spiny frog. You block the spiny frog's attack.
You block the spiny frog's attack.
Unknown command.
You completely miss the spiny frog. The spiny frog stings you!!
* * * LOW HITPOINT WARNING * * *
You emit a cloud of colourful smoke!
You are poisoned.
The spiny frog poisons you!
You take 23 damage, and have 19/84 hp.
MASSIVE DAMAGE!!
Drink which item? (? for menu, Esc to quit)
Okay, then.
Read which item? (? for menu, Esc to quit)
Okay, then.
You hit the spiny frog but do no damage.
You feel sick. The spiny frog stings you!
* * * LOW HITPOINT WARNING * * *
The spiny frog barely misses you.
You take 10 damage, and have 9/84 hp.
Unknown command.
Unknown command.
You hit the spiny frog but do no damage.
* * * LOW HITPOINT WARNING * * *
You feel sick. The spiny frog barely misses you.
You take 1 damage, and have 8/84 hp.
Unknown command.
Unknown command.
Drink which item? (? for menu, Esc to quit)
It was a potion of curing.
You feel better.
Xom thinks this is hilarious!
You block the spiny frog's attack. The spiny frog stings you!!
You die...

.... #......... ...
.......... .............#
#....PPP#....###$#
.....#............
#####.................
###...#........F§§.......
...............§@........
...............§§.......#
......................##
.#####.#.............##
#.# ####...........##
########.P....♣....##
...............♣..♣#
.....♣♣♣%.....%..♣P♣
......P...PP.....≈≈♣


You could see a spiny frog (berserk).

Vanquished Creatures
  The ghost of Fusha the Black Sun, an experienced TrNe of Kikubaaqudgha (Sewer)
  A spiny frog (Lair:1)
  A black mamba (Lair:2)
  The ghost of drasked the Poker, an average HOFi (D:4)
  Prince Ribbit (D:6)
  2 wyverns (D:8)
  Eustachio (D:4)
  6 yaks (D:7)
  A hungry ghost (D:7)
  2 porcupines
  3 orc warriors
  2 ice beasts
  A sky beast (D:8)
  3 phantoms
  2 water moccasins
  A black bear (D:6)
  3 ogres
  2 centaurs
  10 giant frogs
  Blork the orc (D:4)
  2 crocodiles
  A water moccasin zombie (D:6)
  A killer bee (D:4)
  2 scorpions
  3 electric eels (Lair:1)
  2 giant frog zombies
  2 orc priests (D:7)
  A centaur skeleton (D:4)
  4 crimson imps
  4 hounds
  2 jellies
  4 iguanas
  6 orc wizards
  6 worker ants
  2 hound skeletons
  9 adders
  8 gnolls
  4 shadow imps
  6 river rats (Lair:1)
  A white imp (D:4)
  2 oozes
  An ufetubus (D:4)
  3 adder skeletons
  8 worms
  23 orcs
  A bat skeleton (D:5)
  4 giant cockroaches
  11 hobgoblins
  13 jackals
  3 quokkas
  3 ball pythons
  16 bats
  A giant cockroach zombie (D:5)
  3 giant geckos
  3 giant newts
  9 goblins
  12 kobolds
  A quokka zombie (D:8)
  10 rats
242 creatures vanquished.

Vanquished Creatures (collateral kills)
  A worm (D:2)
  A giant cockroach (D:2)
  2 goblins
4 creatures vanquished.

Vanquished Creatures (others)
  A yak (Lair:2)
  A white imp (D:4)
  A worm (D:2)
  An orc (D:7)
  A rat (D:5)
5 creatures vanquished.

Grand Total: 251 creatures vanquished

Notes
Turn   | Place    | Note
--------------------------------------------------------------
     0 | D:1      | RobertPalmer, the Naga Chaos Knight, began the quest for the Orb.
     0 | D:1      | Reached XP level 1. HP: 21/21 MP: 1/1
   323 | D:1      | Reached XP level 2. HP: 28/28 MP: 2/2
   516 | D:1      | XOM: silly message
   607 | D:1      | XOM: silly message
   669 | D:1      | XOM: silly message
   733 | D:1      | XOM: vitrification
   856 | D:2      | XOM: enchant monster (good)
   894 | D:2      | XOM: 3-stop teleportation journey
   901 | D:2      | Reached skill level 4 in Long Blades
   901 | D:2      | Reached XP level 3. HP: 27/34 MP: 3/3
  1148 | D:2      | XOM: divination: detect items
  1400 | D:2      | XOM: give mutations
  1400 | D:2      | Gained mutation: You are frail (-10% HP). [Xom's mischief]
  1400 | D:2      | Gained mutation: You can exhale a cloud of poison. [Xom's mischief]
  1400 | D:2      | Gained mutation: Your muscles are strong. (Str +2) [Xom's mischief]
  1400 | D:2      | Gained mutation: You occasionally shout uncontrollably at your foes. [Xom's mischief]
  1529 | D:2      | XOM: god gift: 2 bubbling ruby potions
  1816 | D:3      | Reached XP level 4. HP: 37/37 MP: 4/4
  1843 | D:3      | Reached skill level 5 in Long Blades
  1847 | D:3      | XOM: god gift: scroll labeled RIWUUH FESCHY
  1875 | D:3      | Lost mutation: You are frail (-10% HP). [potion of mutation]
  1875 | D:3      | Gained mutation: You are clumsy. (Dex -2) [potion of mutation]
  1875 | D:3      | Gained mutation: Your magical capacity is low (-10% MP). [potion of mutation]
  1943 | D:3      | XOM: god gift: blackened book {god gift}
  1944 | D:3      | Identified Xom's Incunabulum of Baldness (Xom gifted it to you on level 3 of the Dungeon)
  2263 | D:4      | Reached XP level 5. HP: 49/49 MP: 4/4
  2289 | D:4      | Got a dazzling chain mail
  2298 | D:4      | Identified the +7 chain mail "Oklejy" {rCorr} (You found it on level 4 of the Dungeon)
  2329 | D:4      | XOM: 9-stop teleportation journey
  2331 | D:4      | Noticed a phantom
  2335 | D:4      | XOM: polymorph jackal -> kobold
  2362 | D:4      | Killed a phantom
  2362 | D:4      | Reached skill level 6 in Long Blades
  2362 | D:4      | Reached XP level 6. HP: 52/56 MP: 5/5
  2394 | D:4      | Noticed Eustachio
  2419 | D:4      | XOM: 4-stop teleportation journey
  2430 | D:4      | Killed Eustachio
  2430 | D:4      | Reached skill level 7 in Long Blades
  2499 | D:4      | Reached XP level 7. HP: 59/62 MP: 6/6
  2563 | D:4      | XOM: god gift: shortbow {god gift}
  2585 | D:4      | Found a shadowy altar of Dithmenos.
  2604 | D:4      | XOM: 1-stop teleportation journey
  2679 | D:4      | Noticed an ogre
  2680 | D:4      | Noticed Blork the orc
  2684 | D:4      | Killed an ogre
  2684 | D:4      | Reached skill level 8 in Long Blades
  2686 | D:4      | Killed Blork the orc
  2750 | D:4      | Noticed drasked's ghost (average HOFi)
  2752 | D:4      | XOM: vitrification
  2754 | D:4      | XOM: summons 3 friendly demons
  2826 | D:4      | HP: 7/62 [drasked's ghost (10)]
  2828 | D:4      | XOM: enchant monster (good)
  2835 | D:4      | Killed drasked's ghost
  2835 | D:4      | Reached skill level 9 in Long Blades
  2835 | D:4      | Reached XP level 8. HP: 10/69 MP: 7/7
  2951 | D:4      | XOM: noise
  3144 | D:4      | XOM: mild Summ miscast
  3186 | D:4      | XOM: cast spell 'Summon Butterflies'
  3299 | D:5      | Entered Level 5 of the Dungeon
  3326 | D:5      | Reached skill level 2 in Armour
  3394 | D:5      | XOM: divination: detect creatures
  3595 | D:5      | Found a staircase to the Ecumenical Temple.
  3669 | D:5      | XOM: god gift: scroll labeled UMEGUT SALIL
  3744 | D:5      | Reached skill level 3 in Armour
  3867 | D:5      | XOM: god gift: curved glowing rod {god gift}
  3869 | D:5      | Identified a +0 rod of clouds (12/12) (Xom gifted it to you on level 5 of the Dungeon)
  3897 | D:5      | XOM: potion effect (berserk rage)
  4179 | D:6      | XOM: enchant monster (good)
  4196 | D:6      | Reached skill level 4 in Armour
  4197 | D:6      | Found Foxuitef's Magic Scroll Shop.
  4200 | D:6      | Bought a scroll of teleportation for 39 gold pieces
  4200 | D:6      | Bought a scroll of magic mapping for 45 gold pieces
  4299 | D:6      | Found a glowing drain.
  4303 | Sewer    | Entered a sewer
  4304 | Sewer    | Noticed Fusha's ghost (experienced TrNe)
  4315 | Sewer    | Killed Fusha's ghost
  4315 | Sewer    | Reached skill level 5 in Armour
  4315 | Sewer    | Reached XP level 9. HP: 66/75 MP: 8/8
  4388 | Sewer    | XOM: 10-stop teleportation journey
  4526 | D:6      | XOM: divination: detect creatures
  4530 | D:6      | Found Keh Nuki's Armour Emporium.
  4538 | D:6      | Bought a +1 cloak for 126 gold pieces
  4543 | D:6      | Bought a +0 shield for 49 gold pieces
  4612 | D:6      | Reached skill level 6 in Armour
  4632 | D:6      | XOM: divination: detect creatures
  4701 | D:6      | XOM: potion effect (might)
  4704 | D:6      | Reached skill level 1 in Shields
  4711 | D:6      | XOM: silly message
  4785 | D:6      | Noticed Prince Ribbit
  4789 | D:6      | Killed Prince Ribbit
  4789 | D:6      | Reached skill level 2 in Shields
  4803 | D:6      | Found Noppujy's Weapon Shop.
  4998 | D:6      | Reached skill level 3 in Shields
  5052 | D:6      | XOM: mild Chrm miscast
  5128 | D:6      | XOM: harmless Divn miscast
  5158 | D:6      | XOM: silly message
  5232 | D:6      | Reached skill level 4 in Shields
  5381 | D:6      | Found a glowing golden altar of the Shining One.
  5537 | D:6      | Found Ocushuh's Book Emporium.
  5718 | D:7      | Reached skill level 5 in Shields
  5824 | D:7      | XOM: harmless Conj miscast
  5832 | D:7      | Found Qoreajad's Armour Shoppe.
  6102 | D:7      | XOM: confusion
  6173 | D:7      | Reached XP level 10. HP: 82/84 MP: 9/9
  6182 | D:7      | Reached skill level 6 in Shields
  6287 | D:7      | Found a stormy altar of Qazlal.
  6353 | D:8      | Found a radiant altar of Vehumet.
  6380 | D:8      | Identified a scroll of acquirement
  6451 | D:8      | Reached skill level 7 in Shields
  6453 | D:8      | Found a bloodstained altar of Trog.
  6546 | D:8      | Found a bloodstained altar of Trog.
  6670 | D:8      | XOM: noise
  6758 | D:8      | XOM: scenery: create altars
  6765 | D:8      | Found Icoogawneys's Assorted Antiques.
  6768 | D:8      | XOM: harmless Summ miscast
  6794 | D:8      | Bought a scroll of magic mapping for 80 gold pieces
  6875 | D:8      | Reached skill level 8 in Shields
  6901 | D:8      | XOM: silly message
  6929 | D:8      | Found a staircase to the Lair.
  6939 | Lair:1   | Entered Level 1 of the Lair of Beasts
  7053 | Lair:1   | XOM: harmless Divn miscast
  7150 | Lair:1   | XOM: smoke on damage
  7165 | Lair:1   | XOM: harmless Air miscast
  7362 | Lair:1   | XOM: noise
  7647 | Lair:1   | XOM: divine lightning (protected)
  7700 | Lair:1   | Reached skill level 1 in Evocations
  7878 | Lair:2   | XOM: stealth player
  7976 | Lair:2   | Reached skill level 2 in Evocations
  8096 | Lair:2   | Noticed a black mamba
  8099 | Lair:2   | Reached skill level 3 in Evocations
  8131 | Lair:2   | XOM: confuse monster(s)
  8139 | Lair:2   | Killed a black mamba
  8139 | Lair:2   | Reached skill level 4 in Evocations
  8191 | Lair:2   | XOM: smoke on damage
  8193 | Lair:2   | XOM: enchant monster (good)
  8206 | Lair:2   | HP: 19/84 [spiny frog (23)]
  8206 | Lair:2   | XOM: smoke on damage
  8207 | Lair:2   | HP: 9/84 [spiny frog (9)]
  8209 | Lair:2   | Slain by a spiny frog

Action                   |  1- 3 |  4- 6 |  7- 9 | 10-12 || total
-------------------------+-------+-------+-------+-------++-------
Melee: Falchion          |    77 |    63 |   457 |   264 ||   861
 Abil: Spit Poison       |     3 |       |       |       ||     3
       Breathe Poison Ga |     2 |     6 |    21 |    17 ||    46
Evoke: Rod               |       |       |     1 |     1 ||     2
  Use: Scroll            |     4 |     4 |    11 |     3 ||    22
       Potion            |       |     1 |     7 |     1 ||     9
 Stab: Confused          |     1 |       |     6 |       ||     7
       Paralysed         |       |     1 |     1 |    16 ||    18
       Petrifying        |       |       |     4 |     1 ||     5
       Petrified         |       |       |     1 |     3 ||     4
  Eat: Chunk             |     2 |     4 |    15 |    10 ||    31
       Fruit             |       |       |     1 |       ||     1

Vault maps used:
D:1:      elethiomel_arrival_infinity_welcomes_careful_drivers,
          nrook_mini_vaults
D:2:      serial_park_square1, minmay_misc_feat_iff
D:4:      grunt_dithmenos_smoke_and_mirrors, dk_noncrumbling_4,
          uniq_blork_the_orc, uniq_eustachio
D:5:      first_bread, minmay_misc_feat_more_columns
D:6:      gup_sewer_entry_spiral, serial_shops, nicolae_shop_behind_doors, shop,
          nicolae_shop_behind_doors, kennysheep_mini, st_stairs_11,
          nicolae_tso_carved_into_rock, uniq_prince_ribbit1
D:7:      grunt_qazlal_clouds, serial_shops, nicolae_shop_waterfront,
          dk_vineyard_1
D:8:      kennysheep_mini_moat, fiery_altar_vehumet,
          lemuel_coloured_pillars_altar, makhleb_altar_promises_db,
          serial_shops, nicolae_shop_overgrown_old_shop, hangedman_ranch,
          bloody_trog
Lair:1:   nicolae_quartered_pool_little, cheibrodos_lair_caveside_slide,
          minivault_26, serial_bayou_pond_a
Lair:2:   grunt_forest_large_clearings
Sewer:    sewer_the_crocodile

Table legend:
 A = Turns spent in this place as a percentage of turns spent in the entire game.
 B = Non-inter-level travel turns spent in this place as a percentage of non-inter-level travel turns spent in the entire game.
 C = Inter-level travel turns spent in this place as a percentage of turns spent in this place.
 D = Turns resting spent in this place as a percentage of non-inter-level travel turns spent in this place.
 E = Turns spent auto-exploring this place as a percentage of non-inter-level travel turns spent in this place.
 F = Non-inter-level travel turns spent in this place divided by the number of levels of this place that you've seen.
                   A       B       C       D       E      F
               +-------+-------+-------+-------+-------+----------------------
         Total | 100.0 | 100.0 |   0.2 |   0.8 |   8.6 | 297.1
       Dungeon |  84.3 |  84.3 |   0.3 |   0.8 |   9.0 | 344.5
          Lair |  12.1 |  12.1 |   0.3 |   1.5 |   8.6 | 198.5
         Sewer |   3.5 |   3.5 |   0.0 |   0.0 |   0.0 | 115.0
               +-------+-------+-------+-------+-------+----------------------

Table legend:
 A = Kills in this place as a percentage of kills in entire the game.
 B = Kills by you in this place as a percentage of kills by you in the entire game.
 C = Kills by friends in this place as a percentage of kills by friends in the entire game.
 D = Other kills in this place as a percentage of other kills in the entire game.
 E = Experience gained in this place as a percentage of experience gained in the entire game.
 F = Experience gained in this place divided by the number of levels of this place that you have seen.
                   A       B       C       D       E      F
               +-------+-------+-------+-------+-------+----------------------
         Total | 100.0 | 100.0 | 100.0 | 100.0 | 100.0 | 835.3
       Dungeon |  87.8 |  87.9 | 100.0 |  50.0 |  71.9 | 826.2
          Lair |   9.4 |   9.2 |   0.0 |  50.0 |  22.8 | 1046.0
         Sewer |   2.9 |   2.9 |   0.0 |   0.0 |   5.3 | 486.0
               +-------+-------+-------+-------+-------+----------------------
